 Dungeon Crawl Stone Soup version 0.18-a0-1514-g6ed9364 (webtiles) character file.

57 GrosslyIncandescent the Insei (level 3, -7/29 HPs)
             Began as a Mummy Monk on Mar 6, 2016.
             Mangled by a gnoll
             ... wielding a +0 spear
              (8 damage)
             ... on level 2 of the Dungeon.
             The game lasted 00:02:19 (1874 turns).

GrosslyIncandescent the Insei (Mummy Monk)          Turns: 1874, Time: 00:02:20

Health: -7/29      AC:  1    Str: 14    XL:     3   Next: 73%
Magic:  3/3        EV: 13    Int:  9    God:
Gold:   61         SH:  0    Dex: 15    Spells: 0 memorised, 2 levels left

rFire  x . .     SeeInvis .       - Unarmed
rCold  + . .     Gourm    .     (no armour)
rNeg   + + +     Faith    .     (no shield)
rPois  ∞         Spirit   .     (no helmet)
rElec  .         Dismiss  .     e - +0 cloak
rCorr  .         Reflect  .     (no gloves)
SustAt .         Harm     .     (no boots)
MR     .....                    (no amulet)
Stlth  ++........               (no ring)
                                (no ring)

@: not resistant to hostile enchantments, unstealthy
A: no food or potions, fire vulnerability, cold resistance 1, negative energy
resistance 3, torment resistance, unbreathing
a: no special abilities


You were on level 2 of the Dungeon.
You were not hungry.

You visited 1 branch of the dungeon, and saw 3 of its levels.

You collected 61 gold pieces.


Innate Abilities, Weirdness & Mutations

You do not eat or drink.
Your flesh is vulnerable to fire.
You are immune to poison.
Your flesh is cold resistant.
You are immune to negative energy.
You are immune to unholy pain and torment.
You can survive without breathing.


   Skills:
 - Level 3.0 Fighting
 - Level 2.4 Dodging
 - Level 1.5 Stealth
 + Level 4.5 Unarmed Combat


You had 2 spell levels left.
You didn't know any spells.

Inventory:

Missiles
 f - 4 curare-tipped needles (quivered) {=f}
Armour
 e - a +0 cloak (worn)
Scrolls
 a - 2 scrolls of random uselessness
 b - a scroll of identify {unknown}
 c - a scroll of enchant weapon {unknown}
 d - a scroll of magic mapping {unknown}
 g - a scroll of amnesia {unknown}
 h - a scroll of blinking {unknown}

Dungeon Overview and Level Annotations

Branches:
Dungeon (3/15)

Altars:
Trog

▒▒▒▒▒▒▒▒▒ ▒.......▒
▒.......▒ ▒.......▒
▒▒▒▒▒▒▒
▒....>g.▒▒▒▒▒.....▒
▒.....M>.g.▒▒.....▒
▒.....K.▒▒.g.g..!.▒
▒.......▒▒▒▒▒.....▒▒▒▒
▒.......▒ ▒........▒▒
▒▒▒.▒▒▒▒▒ ▒..........
▒.▒ ▒.....▒▒▒.. ▒.▒
▒.▒▒▒▒▒ ▒.. ▒▒.▒ ...▒
▒.. ▒..▒ ▒.▒▒▒ ▒.▒


You could see 4 gnolls and a kobold.


Message History

* * * don't die
* * * You barely miss the giant gecko!
The giant gecko closely misses you!
You squash the giant gecko but do no damage!
The giant gecko completely misses you!
You squash the giant gecko like an ant!
You annihilate the giant gecko!!!
The kobold hits you but does no damage! The kobold closely misses you!
You closely miss the kobold! The kobold completely misses you!
An ogre comes into view! It is wielding a giant spiked club!
You closely miss the kobold! The kobold barely misses you!
The ogre shouts!!!
You pummel the kobold like a punching bag!
The kobold is severely wounded!
The kobold misses you!
You closely miss the kobold!
The kobold is severely wounded!
The kobold hits you! * * * don't die
* * * The kobold misses you!
There is a stone staircase leading up here!
The kobold hits you! * * * don't die
* * * You climb upwards!
The gnoll hits you with a spear! * * * don't die
* * *
There is a stone staircase leading down here!
You can't go up here!!!
Unknown command!
The gnoll hits you with a spear!!! rip

Action                   || total
-------------------------++-------
Melee: Unarmed           ||   166
  Use: Scroll            ||     1
 Stab: Sleeping          ||    10

Vault maps used:
D:1:      minmay_arrival_arboretum_large, dk_noncrumbling_4, kennysheep_boxes
D:2:      lemuel_doored_altar, marbit_many_paths, kennysheep_flooded_box
D:3:      wad_crossroads, cheibriados_altar_1, yredelemnul_altar_generic,
          gup_sewer_entry_glass, first_bread, minmay_misc_feat_chi,
          minmay_misc_feat_room, grunt_ministairs_4, minmay_crystal_room,
          minmay_stone_trees_small

Notes
Turn   | Place    | Note
--------------------------------------------------------------
     0 | D:1      | GrosslyIncandescent the Mummy Monk began the quest for the Orb.
     0 | D:1      | Reached XP level 1. HP: 18/18 MP: 1/1
   335 | D:1      | Reached XP level 2. HP: 22/24 MP: 2/2
  1063 | D:2      | Reached skill level 4 in Unarmed Combat
  1246 | D:2      | Reached XP level 3. HP: 21/29 MP: 3/3
  1795 | D:2      | Found a bloodstained altar of Trog.
  1868 | D:3      | Noticed an ogre
  1873 | D:2      | HP: 1/29 [gnoll/spear (4)]
  1874 | D:2      | Mangled by a gnoll

Vanquished Creatures
  An adder (D:2)
  A worm (D:2)
  2 giant geckos
  A ball python (D:2)
  2 giant cockroaches (D:2)
  6 hobgoblins
  4 kobolds
  10 bats
  2 giant newts
  7 goblins
  5 rats
41 creatures vanquished.
